 Dungeon Crawl Stone Soup version 0.29-a0-1052-g6990b1bffc (webtiles) character file.

Game seed: 16944996656431391189

19 drugrobin the Sneak (level 2, 0/26 HPs)
             Began as a Demigod Delver on Aug 17, 2022.
             Slain by a necrophage (6 damage)
             ... on level 4 of the Dungeon.
             The game lasted 00:01:25 (195 turns).

drugrobin the Sneak (Demigod Delver)                 Turns: 195, Time: 00:01:26

Health: 0/26       AC:  3    Str: 13    XL:     2   Next: 39%
Magic:  4/4        EV: 16    Int: 12    God:
Gold:   13         SH:  0    Dex: 15    Spells: 1/1 levels left

rFire   . . .      SeeInvis .   a - +0 hand axe
rCold   . . .      Faith    .   (no shield)
rNeg    . . .      Spirit   .   b - +0 leather armour
rPois   .          Reflect  .   (no helmet)
rElec   .          Harm     .   (no cloak)
rCorr   .          Rampage  .   (no gloves)
Will    .....                   (no boots)
Stlth   +++.......              (no amulet)
HPRegen 0.08/turn               k - +4 ring of evasion
MPRegen 0.09/turn               (no ring)

@: lethally poisoned (0 -> -3)
A: high MP 1, forlorn, divine attributes
a: no special abilities


You were on level 4 of the Dungeon.
You visited 1 branch of the dungeon, and saw 3 of its levels.

You collected 13 gold pieces.

Inventory:

Hand Weapons
 a - a +0 hand axe (weapon)
Armour
 b - a +0 leather armour (worn)
Jewellery
 h - a ring of fire
 k - a +4 ring of evasion (left hand)
Wands
 g - a wand of digging (3)
Scrolls
 c - a scroll of fog
 e - a scroll of fear
 f - a scroll of identify {unknown}
 i - a scroll of amnesia {unknown}
Potions
 j - a potion of ambrosia {unknown}


   Skills:
 + Level 3.0 Fighting
 * Level 2.2 Axes
 - Level 2.0 Dodging
 - Level 4.6 Stealth


You had one spell level left.
You didn't know any spells.
Your spell library contained the following spells:

 Spells                   Type           Power      Damage    Failure   Level
 Shock                    Conj/Air       0%         1d3       38%         1
 Swiftness                Air            0%         N/A       77%         3
 Airstrike                Air            0%         2d(0-16)  99%         4


Dungeon Overview and Level Annotations

Branches:
Dungeon (5/15)
 Temple: D:4-7

Annotations:
D:4 Eustachio
D:5 1 runed translucent door, exclusion: black bear, Crazy Yiuf


Innate Abilities, Weirdness & Mutations

You have an increased reservoir of magic. (+10% MP)
You shall have no god before yourself.
Your divine heritage dramatically boosts your attributes as you level up.


Message History

Unknown command.
Unknown command.
The necrophage hits you.
The necrophage attacks as you move away!
The necrophage barely misses you. The adder attacks as you move away!
The adder barely misses you.
Found a +4 ring of evasion.
The adder misses you.
Unknown command.
Unknown command.
You hit the adder.
The adder is moderately wounded.
The adder bites you but does no damage.
Unknown command.
You hit the adder.
The adder is severely wounded.
The adder bites you. The adder barely misses you.
Unknown command.
You closely miss the adder.
The adder is severely wounded.
The adder barely misses you.
Unknown command.
You hit the adder.
The adder is almost dead.
The adder bites you.
You are poisoned.
The adder poisons you! The adder misses you.
Unknown command.
You barely miss the adder.
The adder is almost dead.
You feel sick. The adder closely misses you.
The adder bites you but does no damage.
Unknown command.
Unknown command.
You hit the adder.
You kill the adder!
You feel sick.
Your Fighting skill increases to level 3!
Unknown command.
It was a potion of magic.
Magic courses through your body.
You feel sick. The necrophage hits you.
You die...

*,,,,,,,,,,* *,,,,**,,,,,,,,*
*,,,,,,..,,##*,**,**,,,,,,,,*
*,,,,,,...,#.,,,*,**,,,,,,,,***
***,,,,....#.**,,,**,,,,,,,,**,
*,,,,.,..#.#*,****,,,,,,,,**,
*,,,,.......,,,,,+,,,,,,,,++,
**,,,,....#..*,,,,*,,,,,,,,**,
**,,,,,..[....####,,,,,,,,,,,,*
*,,,,,,.......@n<#,,,,,,,,,,,,*
*,*,,,,.......##.......#,,,,,,*
**,*****#####..*#.#.....#,,,,,,*
**,,*********#.=*#.#)....#,,,,,,*
,,,,,,,,,,,*,...*#.#,....#,,,,,,*
,,,*******,*...#,..#,....#,,,,,,*
,,,,,,,,,,,....,,..#,,...#,,,,,,*
,,********.....,,..#,,.S.#,,,,,,*
,,* ******,,,,*,,,,,*,,,,,,*


You could see a necrophage.

Vanquished Creatures
  2 adders (D:4)
  A kobold (D:4)
3 creatures vanquished.

Notes
Turn   | Place    | Note
-------+----------+-------------------------------------------
     0 | D:5      | drugrobin the Demigod Delver began the quest for the Orb.
     0 | D:5      | Reached XP level 1. HP: 18/18 MP: 3/3
    22 | D:5      | Noticed a black bear
    66 | D:5      | Found a runed translucent door.
    67 | D:5      | Noticed Crazy Yiuf
    82 | D:5      | Noticed a water moccasin
   138 | D:4      | Noticed Eustachio
   166 | D:4      | Reached XP level 2. HP: 15/25 MP: 4/4
   184 | D:3      | Noticed a necrophage
   195 | D:4      | Slain by a necrophage

Illustrated notes

Levels and vault maps discovered:
D:3:      layout_rooms, basic_ecumenical_altar
D:4:      layout_basic, minmay_unequal, uniq_eustachio
D:5:      layout_rooms, uniq_crazy_yiuf_cottage

Skill      XL: |  1  2 |
---------------+-------+-----
Axes           | 2 |  2.2
Dodging        | 2 |  2.0
Fighting       | 3 |  3.0
Stealth        | |  4.6

Action                   || total
-------------------------++-------
Melee: Hand axe          ||    11
Throw: Dart              ||     2
  Use: Potion            ||     2
       Scroll            ||     1
 Stab: Sleeping          ||     1
Armor: Leather armour    ||     3
Dodge: Dodged            ||    22

Table legend: (Time is in decaauts)
 A = Elapsed time spent in this place.
 B = Non-inter-level travel time spent in this place.
 C = Inter-level travel time spent in this place.
 D = Time resting spent in this place.
 E = Time spent auto-exploring this place.
 F = Levels seen in this place.
 G = Mean time per level.
                   A        B        C        D        E       F      G
               +--------+--------+--------+--------+--------+-----+--------+
         Total |    176 |    176 |      0 |      0 |     25 |   3 |   58.7 |
       Dungeon |    176 |    176 |      0 |      0 |     25 |   3 |   58.7 |
               +--------+--------+--------+--------+--------+-----+--------+

Top non-repeatable levels by time:
     D:5: 94 daAuts
     D:4: 66 daAuts
     D:3: 15 daAuts
